 Dungeon Crawl Stone Soup version 0.17.1-3-g152610e (webtiles) character file.

6011 GagarinX the Bludgeoner (level 10, 0/109 HPs)
             Began as an Ogre Berserker on Mar 15, 2016.
             Was a Priest of Trog.
             Slain by an ice beast (2 damage)
             ... summoned by Fannar
             ... on level 10 of the Dungeon on Mar 17, 2016.
             The game lasted 01:47:32 (12749 turns).

GagarinX the Bludgeoner (Ogre Berserker)           Turns: 12749, Time: 01:47:32

Health: 0/109      AC:  3    Str: 27      XL:     10   Next: 86%
Magic:  10/10      EV: 11    Int:  3 (6)  God:    Trog [***...]
Gold:   770        SH:  0    Dex:  9      Spells: 0 memorised, 9 levels left

rFire  . . .     SeeInvis .     Q - +1 giant spiked club
rCold  + . .     Clarity  .     b - +0 animal skin
rNeg   . . .     SustAt   .     (shield currently unavailable)
rPois  .         Gourm    .     (helmet restricted)
rElec  .         Spirit   .     (no cloak)
rCorr  .         Warding  .     (gloves unavailable)
rMut   .         Stasis   .     (boots unavailable)
MR     ++++.                    (no amulet)
Stlth  +.........               q - ring of protection from magic
                                z - ring of protection from cold

@: regenerating, incredibly resistant to hostile enchantments, very unstealthy
A: unfitting armour, tough skin 1
a: Berserk, Trog's Hand, Burn Spellbooks, Renounce Religion


You were on level 10 of the Dungeon.
You worshipped Trog.
Trog was most pleased with you.
You were not hungry.

You visited 2 branches of the dungeon, and saw 11 of its levels.

You collected 770 gold pieces.

Inventory:

Hand Weapons
 a - a +0 mace
 y - a +0 giant club
 I - a +1 war axe of freezing
 M - a +2 morningstar of venom
 Q - a +1 giant spiked club (weapon)
Armour
 b - a +0 animal skin (worn)
Jewellery
 l - an uncursed ring of flight
 q - a ring of protection from magic (right hand)
 z - a ring of protection from cold (left hand)
 G - a cursed -6 ring of protection
 U - an uncursed ring of see invisible
Wands
 C - a wand of hasting (2)
 K - a wand of enslavement (13)
 L - a wand of lightning (7)
 R - a wand of slowing (17)
 V - a wand of random effects (26)
Scrolls
 f - a scroll of identify
 j - 5 scrolls of blinking
 n - 2 scrolls of immolation
 o - 2 scrolls of random uselessness
 r - 2 scrolls of enchant weapon
 s - 4 scrolls of magic mapping
 t - 2 scrolls of noise
 v - 5 scrolls of teleportation
 D - a scroll of fear {unknown}
 F - a scroll of amnesia {unknown}
 O - 2 scrolls of enchant armour
 P - a scroll of fog {unknown}
Potions
 d - 2 potions of brilliance
 e - 2 potions of magic
 i - 2 potions of ambrosia
 k - a potion of lignification {unknown}
 m - 3 potions of cancellation {unknown}
 p - 2 potions of curing {unknown}
 u - a potion of agility
 w - a potion of might {unknown}
 x - 3 potions of berserk rage
 E - 2 potions of flight {unknown}
 H - a potion of resistance
 J - a potion of poison {unknown}
Comestibles
 c - 2 bread rations
 h - 3 meat rations
 B - a royal jelly
 S - a beef jerky
 T - 20 fruits


   Skills:
 * Level 9.7 Fighting
 * Level 16.9 Maces & Flails
 + Level 5.0 Dodging


You had 9 spell levels left.
You didn't know any spells.

Dungeon Overview and Level Annotations

Branches:
Dungeon (10/15)            Temple (1/1) D:6
   Lair: D:8-11         Orc: D:9-12

Altars:
Ashenzari
Cheibriados
Dithmenos
Fedhas
Gozag
Kikubaaqudgha
Makhleb
Nemelex Xobeh
Okawaru
Qazlal
Ru
Sif Muna
Vehumet
Xom
Yredelemnul
Zin
The Shining One

Shops:
D:9 *

Annotations:
D:10 Fannar


Innate Abilities, Weirdness & Mutations

You are too large for most types of armour.
You have tough skin (AC +1).


Message History

The ice beast freezes you. You resist.
* * * LOW HITPOINT WARNING * * *
The crimson imp blinks!
Fannar hits you with a quarterstaff of freezing.
* * * LOW HITPOINT WARNING * * *
Fannar freezes you.
* * * LOW HITPOINT WARNING * * *
The ice beast misses you.
You miss Fannar.
Fannar is almost dead.
The ice beast hits you.
* * * LOW HITPOINT WARNING * * *
The ice beast freezes you. You resist.
* * * LOW HITPOINT WARNING * * *
Fannar hits you with a quarterstaff of freezing!
* * * LOW HITPOINT WARNING * * *
Fannar freezes you.
* * * LOW HITPOINT WARNING * * *
The ice beast hits you.
You die...

..........
..........#
..!........#
...........#
...........#
...........######+
..........YY......
....5.....@e......
..........#######.
.###+#.(.#
#...#...#
#.....#...#...#
#.....#...#...#
#.....#...#...#
#.....#...#...#
#.....#...#...#


You could see Fannar, 2 ice beasts and a crimson imp.

Vanquished Creatures
  Psyche (D:8)
  9 yaks (D:9)
  Eustachio (D:5)
  Menkaure (D:5)
  2 ice beasts
  A necrophage (D:9)
  2 phantoms
  4 orc warriors
  2 sky beasts
  7 ogres
  2 centaurs (D:7)
  A big kobold (D:5)
  6 giant frogs
  A gnoll sergeant (D:7)
  2 elf skeletons (D:6)
  A scorpion (D:9)
  3 wights (D:9)
  3 killer bees (D:9)
  4 crimson imps
  7 orc priests
  A centaur zombie (D:5)
  A giant frog skeleton (D:7)
  5 orc wizards
  A gnoll shaman (D:3)
  A centaur skeleton (D:7)
  6 hounds
  5 iguanas
  4 worker ants
  A hound zombie (D:5)
  A worker ant zombie (D:6)
  14 gnolls
  2 shadow imps
  8 adders
  2 oozes (D:1)
  An adder zombie (D:6)
  3 worms (D:2)
  9 giant geckos
  25 orcs
  A ball python (D:8)
  3 giant cockroaches
  11 goblins
  16 hobgoblins
  11 jackals
  3 quokkas
  6 bats
  A giant gecko skeleton (D:4)
  2 giant gecko zombies
  3 giant newts (D:1)
  A jackal zombie (D:9)
  31 kobolds
  4 orc skeletons (D:6)
  7 rats
  13 plants (D:5)
263 creatures vanquished.

Vanquished Creatures (collateral kills)
  A centaur (D:9)
1 creature vanquished.

Vanquished Creatures (others)
  An adder (D:7)
  An orc (D:7)
2 creatures vanquished.

Grand Total: 266 creatures vanquished

Notes
Turn   | Place    | Note
--------------------------------------------------------------
     0 | D:1      | GagarinX the Ogre Berserker began the quest for the Orb.
     0 | D:1      | Reached XP level 1. HP: 24/24 MP: 1/1
   297 | D:1      | Reached XP level 2. HP: 19/33 MP: 2/2
   811 | D:1      | Reached ** piety under Trog
   811 | D:1      | Reached XP level 3. HP: 3/40 MP: 3/3
  1405 | D:2      | Reached skill level 5 in Fighting
  1638 | D:2      | Reached XP level 4. HP: 22/50 MP: 4/4
  2127 | D:3      | Found a sacrificial altar of Ru.
  2129 | D:3      | Found a shattered altar of Ashenzari.
  2426 | D:3      | Reached skill level 5 in Maces & Flails
  2435 | D:3      | Reached XP level 5. HP: 40/58 MP: 5/5
  2845 | D:3      | Noticed a giant frog
  2852 | D:3      | Killed a giant frog
  2852 | D:3      | Reached skill level 6 in Fighting
  2852 | D:3      | Reached XP level 6. HP: 52/67 MP: 6/6
  2892 | D:3      | Reached *** piety under Trog
  4019 | D:4      | Reached skill level 7 in Fighting
  4019 | D:4      | Reached XP level 7. HP: 54/78 MP: 7/7
  4716 | D:5      | Entered Level 5 of the Dungeon
  5005 | D:5      | Reached skill level 8 in Fighting
  5185 | D:5      | Reached XP level 8. HP: 78/88 MP: 8/8
  5775 | D:5      | Reached skill level 9 in Maces & Flails
  6013 | D:5      | Reached **** piety under Trog
  6120 | D:5      | Noticed Eustachio
  6132 | D:5      | Killed Eustachio
  6156 | D:5      | Noticed Menkaure
  6162 | D:5      | Killed Menkaure
  6162 | D:5      | Reached skill level 10 in Maces & Flails
  6704 | D:6      | Found a staircase to the Ecumenical Temple.
  6716 | Temple   | Entered the Ecumenical Temple
  7060 | D:6      | Reached skill level 11 in Maces & Flails
  7744 | D:6      | Reached skill level 12 in Maces & Flails
  7744 | D:6      | Reached XP level 9. HP: 88/96 MP: 9/9
  8351 | D:7      | Reached skill level 13 in Maces & Flails
  8647 | D:7      | Reached skill level 14 in Maces & Flails
  9558 | D:7      | Reached skill level 15 in Maces & Flails
  9658 | D:7      | Reached XP level 10. HP: 104/104 MP: 10/10
  9873 | D:8      | Noticed Psyche
  9880 | D:8      | Killed Psyche
  9947 | D:8      | Found a blossoming altar of Fedhas.
 10230 | D:8      | Lost intelligence.
 10675 | D:9      | Found a sparkling altar of Nemelex Xobeh.
 10679 | D:9      | Found an ancient bone altar of Kikubaaqudgha.
 10920 | D:9      | HP: 5/104 [poisoned by a centaur]
 10982 | D:9      | Lost intelligence.
 11112 | D:9      | Reached skill level 16 in Maces & Flails
 11258 | D:9      | Found Gozag's Platinum Reserve.
 11258 | D:9      | Found an opulent altar of Gozag.
 11777 | D:9      | HP: 3/106 [yak (7)]
 11785 | D:9      | HP: 2/107 [yak (15)]
 12240 | D:9      | Reached skill level 5 in Dodging
 12320 | D:9      | Found an opulent altar of Gozag.
 12703 | D:10     | Entered Level 10 of the Dungeon
 12731 | D:10     | Noticed Fannar
 12749 | D:10     | HP: 3/109 [Fannar/quarterstaff of freezing (8)]
 12749 | D:10     | Slain by an ice beast

Action                   |  1- 3 |  4- 6 |  7- 9 | 10-12 || total
-------------------------+-------+-------+-------+-------++-------
Melee: Mace              |   131 |   126 |       |       ||   257
       Giant club        |       |    22 |   336 |       ||   358
       War axe           |       |       |     1 |       ||     1
       Giant spiked club |       |       |    48 |   186 ||   234
Throw: Stone             |       |       |    17 |       ||    17
Invok: Berserk           |     3 |     4 |     3 |     1 ||    11
       Burn Spellbooks   |       |       |     2 |     3 ||     5
       Trog's Hand       |       |       |     8 |    10 ||    18
       Brothers in Arms  |       |       |       |     1 ||     1
 Abil: Evoke Flight      |       |       |       |     1 ||     1
  Use: Scroll            |       |     2 |       |    12 ||    14
       Potion            |       |       |       |     5 ||     5
 Stab: Distracted        |       |     1 |       |       ||     1
  Eat: Chunk             |     5 |    12 |     8 |    14 ||    39
       Meat ration       |       |       |     1 |       ||     1
       Bread ration      |       |       |     2 |       ||     2
       Fruit             |       |       |       |     3 ||     3
